 Dungeon Crawl Stone Soup version 0.28.0-47-ge53b351184 (webtiles) character file.

Game seed: 13950806671701798748

19453 101zpm the Thaumaturge (level 13, -10/81 HPs)
             Began as a Djinni Ice Elementalist on Apr 26, 2022.
             Was a Follower of Makhleb.
             Mangled by Erolcha
             ... wielding a +0 giant club
              (15 damage)
             ... on level 9 of the Dungeon.
             The game lasted 01:18:19 (25850 turns).

101zpm the Thaumaturge (Djinni Ice Elementalist)   Turns: 25850, Time: 01:18:20

Health: -10/81     AC:  7    Str:  7    XL:     13   Next: 4%
Gold:   525        EV: 16    Int: 29    God:    Makhleb [*.....] SH:  0 Dex: 18

rFire   + + .      SeeInvis .   I - +6 short sword of Dismay {freeze, rPois Will+}
rCold   x . .      Faith    .   (no shield)
rNeg    . . .      Spirit   .   o - +1 ring mail of Jorotyq {rCorr Int+2 Dex+3}
rPois   ∞          Reflect  .   (no helmet)
rElec   .          Harm     .   (no cloak)
rCorr   +          Rampage  .   (no gloves)
Will    ++...                   (boots unavailable)
Stlth   ++........              (no amulet)
HPRegen 0.23/turn               u - +4 ring of evasion
MPRegen 0.00/turn               H - +6 ring of intelligence

@: flying
A: sickness immunity, fire resistance 2, cold vulnerability 1, float, innate
caster, HP casting, extra vitality 1
a: Renounce Religion


You were on level 9 of the Dungeon.
You worshipped Makhleb.
Makhleb was aware of your devotion.
You visited 3 branches of the dungeon, and saw 14 of its levels.
You also visited: Bailey.

You collected 525 gold pieces.

Inventory:

Hand Weapons
 I - the +6 short sword of Dismay (weapon) {freeze, rPois Will+}
   (You found it on level 7 of the Dungeon)

   It freezes those it strikes, dealing additional cold damage.
   It can also slow down cold-blooded creatures.
   rPois:     It protects you from poison.
   Will:      It increases your willpower.
Missiles
 t - 2 throwing nets
Armour
 o - the +1 ring mail of Jorotyq (worn) {rCorr Int+2 Dex+3}
   (You found it on level 3 of the Dungeon)

   Int:       It affects your intelligence (+2).
   Dex:       It affects your dexterity (+3).
   rCorr:     It protects you from acid and corrosion.
Jewellery
 u - a +4 ring of evasion (left hand)
 x - a +6 ring of dexterity
 C - a ring of resist corrosion
 H - a +6 ring of intelligence (right hand)
Wands
 s - a wand of mindburst (9)
 A - a wand of polymorph (18)
 E - a wand of flame (7)
 F - a wand of iceblast (8)
Scrolls
 b - 6 scrolls of enchant weapon
 c - 4 scrolls of teleportation
 g - 3 scrolls of fog {unknown}
 h - 2 scrolls of blinking {unknown}
 i - 3 scrolls of acquirement
 k - 2 scrolls of silence
 l - 3 scrolls of magic mapping
 m - 2 scrolls of fear
 n - 3 scrolls of enchant armour
 q - 2 scrolls of noise
 y - 5 scrolls of identify
 G - a scroll of immolation {unknown}
Potions
 a - a potion of haste {unknown}
 d - a potion of invisibility {unknown}
 e - 2 potions of flight {unknown}
 f - 2 potions of brilliance
 j - a potion of magic {unknown}
 p - 3 potions of heal wounds {unknown}
 r - 3 potions of attraction
 v - 13 potions of degeneration
 w - a potion of resistance {unknown}
 z - 4 potions of mutation {unknown}
 D - a potion of cancellation {unknown}


   Skills:
 + Level 3.2 Fighting
 + Level 0.5 Short Blades
 + Level 1.7 Maces & Flails
 + Level 7.3 Armour
 + Level 5.6 Dodging
 + Level 4.5 Stealth
 + Level 0.1 Unarmed Combat
 + Level 13.9 Spellcasting


You had 10 spell levels left.
You knew the following spells:

 Your Spells              Type           Power      Damage    Failure   Level
a - Freeze                Ice            100%       1d11      1%          1
b - Frozen Ramparts       Ice            100%       1d12      1%          3
c - Ozocubu's Armour      Ice            79%        N/A       1%          3
d - Hailstorm             Conj/Ice       79%        3d16      1%          4
e - Magic Dart            Conj           100%       1d8       1%          1
f - Passwall              Tmut/Erth      65%        N/A       1%          2
g - Ignite Poison         Fire/Tmut/Pois 79%        N/A       1%          3
h - Vampiric Draining     Necr           79%        2d11      1%          3
i - Cause Fear            Hex            39%        N/A       1%          4
j - Agony                 Necr           79%        N/A       1%          5
Your spell library was empty.

Dungeon Overview and Level Annotations

Branches:
Dungeon (12/15)            Temple (1/1) D:5            Lair (0/6) D:11
    Orc (1/2) D:9          Bailey (visited)

Altars:
Ashenzari
Cheibriados
Dithmenos
Elyvilon
Fedhas
Gozag
Hepliaklqana
Kikubaaqudgha
Makhleb
Nemelex Xobeh
Okawaru
Qazlal
Ru
Sif Muna
Trog
Uskayaw
Vehumet
Wu Jian
Xom
Yredelemnul
Zin
The Shining One

Shops:
D:1 [   D:7 [

Annotations:
D:8 3 runed translucent doors, CryoSword's ghost, novice VSFi
D:9 2 transporters, 101zpm's ghost, novice DjIE; Erolcha


Innate Abilities, Weirdness & Mutations

You are immune to sickness and miasma.
You are immune to poison.
Your flesh is very heat resistant. (rF++)
You are vulnerable to cold. (rC-)
You float through the air rather than walking.
You learn spells naturally, not from books.
Your magical power is your life essence.
You have superior vitality. (+4 MHP)


Message History

The warg bites you but does no damage.
The wall freezes the ogre!
The ogre barely misses you.
The wall freezes Erolcha.
Erolcha hits you with a +0 giant club!!
* * * LOW HITPOINT WARNING * * *
The warg completely misses you.
An ogre comes into view. It is wielding a +0 giant club.
Unknown command.
Casting: Frozen Ramparts (safe; 1% risk of failure)
Confirm with . or Enter, or press ? or * to list all spells.
Okay, then.
Casting: Frozen Ramparts (safe; 1% risk of failure)
Confirm with . or Enter, or press ? or * to list all spells.
Casting: Cause Fear (safe; 1% risk of failure)
Press: ? - help, Dir - look around, f - activate Erolcha resists with some effort.
The warg looks frightened!
The ogre looks frightened!
The ogre easily resists.
The ogre shouts!
* * * LOW HITPOINT WARNING * * *
You hear a shout! x2
The wall freezes Erolcha!
Erolcha hits you with a +0 giant club.
* * * LOW HITPOINT WARNING * * *
The wall freezes the ogre.
Your attack snaps the ogre out of its fear.
Your icy armour and frozen ramparts will break if you move.
Continue?
The wall freezes Erolcha!
Erolcha completely misses you.
The wall freezes the ogre.
The frozen ramparts melt away.
You fly upwards.
Welcome back to the Dungeon!
Your icy armour cracks and falls away as you move.
Level annotation: 2 transporters, 101zpm's ghost, novice DjIE
There is a staircase to the Orcish Mines here.
Okay, then.
Aiming: Mindburst
Press: ? - help, Shift-Dir - straight line, f - Erolcha
Aim: Erolcha, wielding a +0 giant club, wearing a +0 robe and carrying a wand of flame (3) (severely wounded, chance to affect: 29%)
Okay, then.
Aiming: Mindburst
Press: ? - help, Shift-Dir - straight line, f - Erolcha
Aim: Erolcha, wielding a +0 giant club, wearing a +0 robe and carrying a wand of flame (3) (severely wounded, chance to affect: 29%) Erolcha easily resists.
Erolcha hits you with a +0 giant club!
You die...

#.......# ###[).#
#.#####.###..[#.. #.#
#.......#.#
#.#####.##....#..
#.#........######
##########.##....#..
#8..[8####.###...#..
#.....#....# #...#..
#..@..#....###.....#
#..O(.###...........
#8..[8# #.########.#
#####[#####[# ##'#
#...[)....).# ##...
#.#######)### ##....
#.# #..## ##.....
#.#######...####......
#..............'......


You could see Erolcha.

Vanquished Creatures
  2 hydras
  A two-headed ogre (Orc:1)
  2 orc high priests (Bailey)
  Pikel (D:4)
  4 orc knights (Bailey)
  A manticore (D:11)
  8 centaur zombies (D:11)
  3 trolls
  3 meliai zombies (D:11)
  2 dream sheep (D:9)
  Sigmund (D:2)
  A shadow (D:9)
  16 yaks
  A wyvern (D:9)
  3 steam dragons
  Edmund (D:4)
  A water moccasin (D:7)
  2 sky beasts
  22 orc warriors
  An ice beast (D:5)
  A black bear (D:8)
  4 necrophages
  4 ogres
  2 centaurs
  3 lemures (D:4)
  A phantom (D:5)
  7 kobold brigands
  5 bullfrogs
  7 scorpions
  5 gnoll sergeants
  2 water moccasin zombies
  9 killer bees
  3 howler monkeys (D:7)
  5 electric eels (Bailey)
  A centaur skeleton (D:5)
  3 hounds
  7 orc priests
  A jelly (D:4)
  2 iguanas (D:6)
  9 orc wizards
  3 howler monkey zombies
  6 adders
  2 howler monkey skeletons
  14 gnolls
  A shadow imp (D:7)
  An ufetubus (D:6)
  2 worms
  4 dart slugs
  35 orcs
  6 endoplasms
  13 giant cockroaches
  13 goblins
  12 hobgoblins
  6 jackals
  12 kobolds
  2 quokkas
  4 ball pythons
  3 bats
  4 frilled lizards
  A quokka skeleton (D:4)
  A rat (D:2)
302 creatures vanquished.

Notes
Turn   | Place    | Note
-------+----------+-------------------------------------------
     0 | D:1      | 101zpm the Djinni Ice Elementalist began the quest for the
                  | Orb.
     0 | D:1      | Reached XP level 1. HP: 15/15 MP: 0/0
    36 | D:1      | Found Engank's Armour Shop.
   333 | D:1      | Reached XP level 2. HP: 17/21 MP: 0/0
   788 | D:1      | Reached XP level 3. HP: 23/25 MP: 0/0
   788 | D:1      | Learned a level 1 spell: Magic Dart
  1450 | D:1      | Reached skill level 4 in Spellcasting
  1783 | D:2      | Reached XP level 4. HP: 22/31 MP: 0/0
  2157 | D:2      | Noticed Sigmund
  2164 | D:2      | Killed Sigmund
  2165 | D:2      | Reached skill level 5 in Spellcasting
  2165 | D:2      | Reached XP level 5. HP: 9/35 MP: 0/0
  2165 | D:2      | Learned a level 2 spell: Passwall
  2165 | D:2      | Reached XP level 6. HP: 10/40 MP: 0/0
  2578 | D:2      | Found a faded altar of an unknown god.
  3723 | D:3      | HP: 2/40 [orc priest/+0 falchion (7)]
  4377 | D:3      | Identified the +1 ring mail of Jorotyq {rCorr Int+2 Dex+3}
  4830 | D:4      | Found an iron altar of Okawaru.
  4855 | D:4      | Reached XP level 7. HP: 36/45 MP: 0/0
  4855 | D:4      | Learned a level 3 spell: Ignite Poison
  5078 | D:4      | Noticed Edmund
  5101 | D:5      | Entered Level 5 of the Dungeon
  5107 | D:5      | Noticed Pikel
  5446 | D:4      | Killed Pikel
  5447 | D:4      | Reached skill level 1 in Armour
  5447 | D:4      | Reached skill level 6 in Spellcasting
  5447 | D:4      | Reached XP level 8. HP: 36/51 MP: 0/0
  5895 | D:4      | Reached skill level 7 in Spellcasting
  6302 | D:4      | Killed Edmund
  6592 | D:5      | Reached skill level 1 in Fighting
  6592 | D:5      | Reached skill level 1 in Maces & Flails
  6864 | D:5      | Found a staircase to the Ecumenical Temple.
  6950 | D:5      | Reached XP level 9. HP: 52/57 MP: 0/0
  6950 | D:5      | Learned a level 3 spell: Vampiric Draining
  7100 | D:6      | Reached skill level 8 in Spellcasting
  7745 | D:6      | HP: 2/57 [water moccasin zombie (3)]
  8391 | D:6      | Reached skill level 9 in Spellcasting
  9401 | D:5      | Reached XP level 10. HP: 39/62 MP: 0/0
  9677 | D:5      | Reached skill level 10 in Spellcasting
 10238 | D:7      | Found Meumaf's Antique Armour Emporium.
 10264 | D:7      | Found a flagged portal.
 10273 | Bailey   | Entered a bailey
 10335 | Bailey   | Noticed an orc knight
 10359 | Bailey   | Killed an orc knight
 10529 | Bailey   | Noticed an orc knight
 10899 | Bailey   | Killed an orc knight
 11074 | Bailey   | Reached skill level 5 in Armour
 11812 | Bailey   | Noticed an orc high priest
 11827 | Bailey   | Killed an orc high priest
 11828 | Bailey   | Reached XP level 11. HP: 37/67 MP: 0/0
 11828 | Bailey   | Learned a level 4 spell: Cause Fear
 11855 | Bailey   | Reached skill level 11 in Spellcasting
 12046 | Bailey   | Found an iron altar of Okawaru.
 12121 | Bailey   | Noticed an orc knight
 12130 | Bailey   | Killed an orc knight
 12436 | Bailey   | Noticed an orc high priest
 12736 | Bailey   | Killed an orc high priest
 13624 | Bailey   | Noticed an orc knight
 13637 | Bailey   | Killed an orc knight
 14366 | D:7      | Reached skill level 12 in Spellcasting
 15003 | D:7      | Identified the +6 short sword of Dismay {freeze, rPois
                  | Will+}
 15664 | D:8      | Found a runed translucent gate.
 15664 | D:8      | Found a runed translucent gate.
 15664 | D:8      | Found a runed translucent gate.
 15668 | D:8      | Noticed CryoSword's ghost (novice VSFi)
 16391 | D:9      | Found a transporter.
 16392 | D:9      | Noticed a two-headed ogre
 16392 | D:9      | Noticed 101zpm's ghost (novice DjIE)
 16392 | D:9      | Noticed a two-headed ogre
 16393 | D:9      | Noticed a two-headed ogre
 16394 | D:9      | Noticed a two-headed ogre
 16397 | D:9      | Noticed a two-headed ogre
 16399 | D:9      | Found a transporter.
 16972 | D:9      | Found a staircase to the Orcish Mines.
 16988 | D:9      | HP: 3/68 [troll (2)]
 17894 | D:9      | Reached XP level 12. HP: 70/74 MP: 0/0
 17952 | D:9      | Noticed a three-headed hydra
 17957 | D:9      | Killed a three-headed hydra
 18623 | Temple   | Entered the Ecumenical Temple
 19010 | Temple   | Became a worshipper of Makhleb the Destroyer
 19121 | D:10     | Entered Level 10 of the Dungeon
 20147 | D:10     | Reached skill level 13 in Spellcasting
 20830 | D:10     | Reached * piety under Makhleb
 22379 | D:11     | Found a staircase to the Lair.
 23262 | D:11     | Reached skill level 5 in Dodging
 23262 | D:11     | Noticed a four-headed hydra
 24517 | D:11     | Killed a four-headed hydra
 25590 | D:11     | Reached XP level 13. HP: 44/81 MP: 0/0
 25590 | D:11     | Learned a level 5 spell: Agony
 25827 | Orc:1    | Entered Level 1 of the Orcish Mines
 25839 | Orc:1    | Noticed Erolcha
 25847 | Orc:1    | HP: 4/81 [Erolcha/+0 giant club (1)]
 25850 | D:9      | Mangled by Erolcha

Illustrated notes

Levels and vault maps discovered:
D:1:      minmay_arrival_five_plusses, layout_basic, serial_shops,
          nicolae_shop_crystal, hangedman_decor_slide_cut,
          minmay_worlds_worst_comb
D:2:      layout_loops_ring, shapermc_ecumenical_altar_hornbeckon,
          minmay_misc_feat_cross, minmay_fountain_box,
          kennysheep_generic_room_14, uniq_sigmund
D:3:      layout_loops_ring, serial_co_window_serial, co_window_corner_a,
          co_window_paths_a, co_window_corner_a, co_window_paths_b,
          co_window_paths_a, co_window_paths_c, co_window_corner_cb,
          co_window_corner_cb, co_window_broadway_c, co_window_broadway_b,
          co_window_broadway_c, co_window_4corner_b
D:4:      minmay_chambers_of_fours, layout_loops_ring, okawaru_gym_becter,
          uniq_edmund
D:5:      layout_gridville, minmay_temple_entry_ruins, uniq_pikel
D:6:      layout_cave_pools
D:7:      layout_cave_pools, enter_bailey_7, serial_shops, kennysheep_mini
D:8:      layout_gridville, gammafunk_ghost_spectres, st_stairs_5,
          nicolae_fountain_basement
D:9:      layout_loops_corners, kennysheep_orc_monster_closet_entryway,
          gammafunk_ghost_smash, hangedman_ranch
D:10:     layout_roguey
D:11:     nicolae_cairo_tiling, layout_rooms, nicolae_yredelemnul_corpse_copse
D:12:     layout_cave_pods, special_room [special_room_orc], minmay_st_funbox,
          fountainhead, nicolae_stop_n_shop_1
Temple:   mainiacjoe_temple_circle_huts
Orc:1:    layout_caves, basic_altar, uniq_maurice, uniq_erolcha

Skill      XL: |  1  2  3  4  5  6  7  8  9 10 11 12 |
---------------+-------------------------------------+-----
Spellcasting   | 4 5 6 7 9 10 12 13 | 13.9
Stealth        | 2 3 4 |  4.5
Armour         | 1 2 3 5 6 7 |  7.3
Dodging        | 3 4 5 |  5.6
Fighting       | 1 2 3 |  3.2
Maces & Flails | 1 |  1.7
Short Blades   | |  0.5
Unarmed Combat | |  0.1

Action                   |  1- 3 |  4- 6 |  7- 9 | 10-12 | 13-15 || total
-------------------------+-------+-------+-------+-------+-------++-------
Melee: Unarmed           |       |     3 |       |       |       ||     3
       Whip              |       |       |    17 |       |       ||    17
       Flail             |       |       |       |     6 |       ||     6
       Short sword       |       |       |       |    31 |     6 ||    37
 Cast: Freeze            |    28 |     5 |    49 |   106 |       ||   188
       Magic Dart        |    32 |    64 |   125 |   364 |     7 ||   592
       Frozen Ramparts   |     3 |     7 |    26 |    74 |     2 ||   112
       Ozocubu's Armour  |     2 |     2 |     6 |    22 |     1 ||    33
       Hailstorm         |       |       |    19 |   108 |       ||   127
       Passwall          |       |       |       |     1 |       ||     1
       Cause Fear        |       |       |       |     1 |     1 ||     2
Evoke: Wand              |       |       |       |       |     1 ||     1
  Use: Scroll            |       |       |       |     8 |       ||     8
       Potion            |       |       |       |     3 |       ||     3
Armor: Robe              |     2 |     4 |       |       |       ||     6
       Ring mail         |       |     1 |    24 |   210 |     2 ||   237
Dodge: Dodged            |    18 |     5 |    53 |   373 |    13 ||   462
